 Dungeon Crawl Stone Soup version 0.29.1-12-g30fa7ad0bf (webtiles) character file.

Game seed: 8173518146798171675

724001 ChadusMaximus the Conqueror (level 27, -17/239 (273) HPs)
             Began as a Minotaur Fighter on Dec 18, 2022.
             Was an Elder of Okawaru.
             Killed from afar by an elemental wellspring (27 damage)
             ... with a torrent of water
             ... on level 5 of Cocytus on Dec 19, 2022.
             The game lasted 02:05:38 (77828 turns).

ChadusMaximus the Conqueror (Minotaur Fighter)     Turns: 77828, Time: 02:05:40

HP:   -17/239 (273) AC: 49    Str: 28 (38) XL:     27
MP:   28/30         EV:  8    Int:  0 (3)  God:    Okawaru [****..]
Gold: 6689          SH: 24    Dex: 15 (20) Spells: 26/26 levels left

rFire   + + .      SeeInvis .   Z - +7 broad axe (flame)
rCold   + + +      Faith    .   a - +0 tower shield
rNeg    + . .      Spirit   .   N - +12 crystal plate armour {rC+}
rPois   .          Reflect  .   c - +0 hat of Taupa {Dex+2}
rElec   .          Harm     .   h - scarf {rC+ rF+}
rCorr   .          Rampage  .   Y - +1 pair of gloves of the King of the Hill {Str+4}
Will    ++...                   L - +1 pair of boots
Stlth   ..........              d - amulet of regeneration
HPRegen 1.29/turn               b - ring of Yfukk {rC+ Dex+3 Slay+2}
MPRegen 0.22/turn               G - ring "Tuannab" {Fly rF+ rN+ Int-2 Dex+4}

@: finesse-ful, flying, slowed, lost intelligence, studying Dodging, heavily
drained, unable to read, unable to drink, very slow
A: horns 2, retaliatory headbutt, low MP 1
}: 6/15 runes: decaying, serpentine, slimy, silver, obsidian, abyssal
a: Renounce Religion, Heroism, Finesse


You were on level 5 of Cocytus.
You worshipped Okawaru.
Okawaru was greatly pleased with you.
You visited 13 branches of the dungeon, and saw 61 of its levels.
You visited the Abyss 1 time.
You also visited: Bailey, Gauntlet and Ice Cave.

You collected 8542 gold pieces.
You spent 1853 gold pieces at shops.

Inventory:

Hand Weapons
 r - the +7 sceptre of Asmodeus
   (You took it off Asmodeus in the Arena)

   It can be evoked to summon fiery demons, with success rate depending on
   Evocations skill.
   Those summoned this way will remain friendly only for a limited time.
 Z - a +7 broad axe of flaming (weapon)
Missiles
 s - 22 boomerangs (quivered)
 t - 6 javelins
 v - a throwing net
 B - 16 silver javelins
 E - 2 silver boomerangs
Armour
 a - a +0 tower shield (worn)
 c - the +0 hat of Taupa (worn) {Dex+2}
   (Okawaru gifted it to you on level 15 of the Dungeon)

   Dex:       It affects your dexterity (+2).
 h - a scarf of resistance (worn)
 D - the +2 pair of gloves of Qeociser {rPois rF+++ Str-4 Stlth+}
   (Okawaru gifted it to you on level 2 of the Depths)

   Str:       It affects your strength (-4).
   rF:        It renders you almost immune to fire.
   rPois:     It protects you from poison.
   Stlth:     It makes you more stealthy.
 L - a +1 pair of boots (worn)
 N - a +12 crystal plate armour of cold resistance (worn)
 Y - the +1 pair of gloves of the King of the Hill (worn) {Str+4}
   (You found it in a Gauntlet)

   Str:       It affects your strength (+4).
Jewellery
 b - the ring of Yfukk (left hand) {rC+ Dex+3 Slay+2}
   (You took it off an orc on level 10 of the Dungeon)

   [ring of protection from cold]

   Dex:       It affects your dexterity (+3).
   Slay:      It affects your accuracy & damage with ranged weapons and melee
   (+2).
   rC:        It protects you from cold.
 d - an amulet of regeneration (around neck)
 G - the ring "Tuannab" (right hand) {Fly rF+ rN+ Int-2 Dex+4}
   (You took it off an orc warrior on level 7 of the Dungeon)

   [ring of flight]

   Int:       It affects your intelligence (-2).
   Dex:       It affects your dexterity (+4).
   rF:        It protects you from fire.
   rN:        It protects you from negative energy.
   Fly:       It grants you flight.
 P - a +6 ring of strength
 Q - the ring "Ywoaqe" {rC+ rCorr Int+7}
   (You took it off an ironbound convoker on level 5 of the Vaults)

   [ring of resist corrosion]

   Int:       It affects your intelligence (+7).
   rC:        It protects you from cold.
   rCorr:     It protects you from acid and corrosion.
 S - the ring "Qiphof" {rC+ Int+2 Slay+4}
   (You found it on level 7 of Gehenna)

   [ring of slaying]

   Int:       It affects your intelligence (+2).
   Slay:      It affects your accuracy & damage with ranged weapons and melee
   (+4).
   rC:        It protects you from cold.
 T - an amulet of the acrobat
 U - the ring of Voyryhoe {*Corrode Drain +Blink rPois rN+++}
   (You found it on level 1 of the Depths)

   [ring of poison resistance]

   rPois:     It protects you from poison.
   rN:        It renders you almost immune to negative energy.
   +Blink:    It lets you blink.
   *Corrode:  It may corrode you when you take damage.
   Drain:     It drains your maximum health when unequipped.
Wands
 f - a wand of digging (17)
 w - a wand of roots (6)
 V - a wand of polymorph (4)
 X - a wand of flame (9)
Scrolls
 k - 7 scrolls of fear
 m - 12 scrolls of teleportation
 n - 5 scrolls of silence
 p - 7 scrolls of immolation
 y - 2 scrolls of brand weapon
 z - 9 scrolls of magic mapping
 F - 9 scrolls of vulnerability
 H - 14 scrolls of blinking
 R - 6 scrolls of amnesia
 W - 5 scrolls of poison
Potions
 e - 5 potions of magic
 g - 7 potions of haste
 i - 8 potions of attraction
 j - 5 potions of ambrosia
 l - 8 potions of lignification
 o - 23 potions of curing
 q - 3 potions of heal wounds
 u - 10 potions of mutation
 x - 10 potions of might
 A - 4 potions of invisibility
 C - 2 potions of cancellation
 J - 6 potions of flight
 K - 10 potions of brilliance
 M - 3 potions of resistance
 O - 2 potions of berserk rage
Miscellaneous
 I - a lightning rod (4/4)


   Skills:
 O Level 27 Fighting
 + Level 25.8 Axes
 - Level 22.6 Throwing
 + Level 26.4 Armour
 + Level 25.8 Shields
 - Level 15.7 Invocations


You had 26 spell levels left.
You didn't know any spells.
Your spell library contained the following spells:

 Spells                   Type           Power      Damage    Failure   Level
 Apportation              Tloc           0%         N/A       99%         1
 Beastly Appendage        Tmut           0%         N/A       99%         1
 Foxfire                  Conj/Fire      0%         2x1d4     99%         1
 Freeze                   Ice            0%         1d3       99%         1
 Magic Dart               Conj           0%         1d3       99%         1
 Necrotise                Necr           0%         1d4       99%         1
 Sandblast                Erth           0%         2d4       99%         1
 Shock                    Conj/Air       0%         1d3       99%         1
 Blink                    Tloc           0%         N/A       100%        2
 Poisonous Vapours        Pois/Air       0%         N/A       100%        2
 Wereblood                Tmut           0%         N/A       100%        2
 Confusing Touch          Hex            0%         N/A       100%        3
 Conjure Flame            Conj/Fire      0%         6-21      100%        3
 Dazzling Flash           Conj/Hex       0%         N/A       100%        3
 Frozen Ramparts          Ice            0%         1d1       100%        3
 Ignite Poison            Fire/Tmut/Pois 0%         N/A       100%        3
 Inner Flame              Hex/Fire       0%         N/A       100%        3
 Mephitic Cloud           Conj/Pois/Air  0%         N/A       100%        3
 Spider Form              Tmut/Pois      0%         N/A       100%        3
 Stone Arrow              Conj/Erth      0%         3d7       100%        3
 Swiftness                Air            0%         N/A       100%        3
 Vampiric Draining        Necr           0%         2d6       100%        3
 Airstrike                Air            0%         2d(0-16)  100%        4
 Flame Wave               Conj/Fire      0%         2d4       100%        4
 Fulminant Prism          Conj/Hex       0%         3d6       100%        4
 Hailstorm                Conj/Ice       0%         3d3       100%        4
 Iskenderun's Mystic Bla  Conj/Tloc      0%         2d3       100%        4
 Olgreb's Toxic Radiance  Pois           0%         N/A       100%        4
 Passage of Golubria      Tloc           0%         N/A       100%        4
 Petrify                  Tmut/Erth      0%         N/A       100%        4
 Agony                    Necr           0%         N/A       100%        5
 Alistair's Intoxication  Tmut/Pois      0%         N/A       100%        5
 Blade Hands              Tmut           0%         N/A       100%        5
 Borgnjor's Vile Clutch   Necr/Erth      0%         N/A       100%        5
 Freezing Cloud           Conj/Ice/Air   0%         6-21      100%        5
 Irradiate                Conj/Tmut      0%         3d11      100%        5
 Iskenderun's Battlesphe  Conj           0%         2d6       100%        5
 Lee's Rapid Deconstruct  Erth           0%         3d5*      100%        5
 Lightning Bolt           Conj/Air       0%         1d11      100%        5
 Manifold Assault         Tloc           0%         N/A       100%        5
 Metabolic Englaciation   Hex/Ice        0%         N/A       100%        5
 Silence                  Hex/Air        0%         N/A       100%        5
 Yara's Violent Unravell  Hex/Tmut       0%         3d3       100%        5
 Eringya's Noxious Bog    Tmut/Pois      0%         N/A       100%        6
 Iron Shot                Conj/Erth      0%         9d1       100%        6
 Starburst                Conj/Fire      0%         6d3       100%        6
 Statue Form              Tmut/Erth      0%         N/A       100%        6
 Dragon Form              Tmut           0%         N/A       100%        7
 Enfeeble                 Hex            0%         N/A       100%        7
 Ozocubu's Refrigeration  Ice            0%         4d7       100%        7
 Storm Form               Tmut/Air       0%         N/A       100%        7
 Ignition                 Fire           0%         3d3       100%        8
 Lehudib's Crystal Spear  Conj/Erth      0%         10d2      100%        8
 Polar Vortex             Ice            0%         N/A       100%        9
 Summon Small Mammal      Summ           Unusable   N/A       N/A         1
 Call Imp                 Summ           Unusable   N/A       N/A         2
 Tukima's Dance           Hex            Unusable   N/A       N/A         3
 Animate Armour           Summ/Erth      Unusable   N/A       N/A         4
 Animate Dead             Necr           Unusable   N/A       N/A         4
 Summon Lightning Spire   Summ/Air       Unusable   N/A       N/A         4
 Summon Forest            Summ/Tloc      Unusable   N/A       N/A         5
 Death Channel            Necr           Unusable   N/A       N/A         6
 Simulacrum               Ice/Necr       Unusable   N/A       N/A         6
 Spellforged Servitor     Conj/Summ      Unusable   N/A       N/A         7
 Summon Hydra             Summ           Unusable   N/A       N/A         7

Dungeon Overview and Level Annotations

Branches:
Dungeon (15/15)            Temple (1/1) D:6            Lair (5/5) D:11
  Swamp (4/4) Lair:2        Snake (4/4) Lair:3        Slime (5/5) Lair:5
    Orc (2/2) D:11            Elf (3/3) Orc:2        Vaults (5/5) D:13
  Crypt (0/3) Vaults:2     Depths (4/4) D:15           Hell (visited)
    Dis (0/7) Hell            Geh (7/7) Hell            Coc (5/7) Hell
    Tar (0/7) Hell            Zot (0/5) Depths:4     Bailey (visited)
  IceCv (visited)         Gauntlet (visited)

Altars:
Ashenzari
Cheibriados
Dithmenos
Fedhas
Gozag
Kikubaaqudgha
Okawaru
Qazlal
Ru
Sif Muna
Trog
Vehumet
Wu Jian
Xom
Yredelemnul
Zin
The Shining One
Jiyva

Shops:
D:9 ?   D:13 (   Orc:1 (**   Orc:2 *!*[!!   Elf:3 [   Snake:2 (   Snake:3 ?
Snake:4 *   Vaults:3 *   Vaults:5 ?   Depths:2 ?(

Portals:
Hell: Depths:1 Depths:2 Depths:3 Depths:4
Abyss: Depths:3
Pandemonium: Depths:2
Ziggurat: Depths:3


Innate Abilities, Weirdness & Mutations

You have a pair of horns on your head.
You reflexively headbutt those who attack you in melee.
Your magical capacity is low. (-10% MP)


Message History

A torrent of water rises up through the elemental wellspring!
The torrent of water hits you!
* * * LOW HITPOINT WARNING * * *
You are knocked back by the torrent of water.
You slam into the rock wall!
* * * LOW HITPOINT WARNING * * *
The wave splashes down.
You block the Ice Fiend's attack. The Ice Fiend closely misses you.
You can't go up here!
You slice the Ice Fiend!! You burn the Ice Fiend!
You kill the Ice Fiend!
Okawaru accepts your kill.
You slash the elemental wellspring! You burn the elemental wellspring.
You feel your intelligence returning.
You slice the elemental wellspring!! You burn the elemental wellspring.
You destroy the elemental wellspring!
Okawaru accepts your kill. The titan casts a spell at you.
The bolt of lightning misses you.
Water spirits pour forth from the elemental wellspring!
You can't go down here!
You can't go down here!
You can't go up here!
The water elemental disappears in a puff of smoke!
Unknown command.
A harpy simulacrum comes into view.
The titan waves its arms in wide circles.
The air twists around and strikes you.
* * * LOW HITPOINT WARNING * * *
A torrent of water rises up through the elemental wellspring!
You block the torrent of water.
The wave splashes down.
The harpy simulacrum moves out of view.
The water elemental attacks as you move away!
You block the water elemental's attack.
A titan simulacrum comes into view.
Found a stone staircase leading down.
A torrent of water rises up through the elemental wellspring!
The torrent of water passes through the water elemental. x2
The torrent of water hits you!!
You die...

≈≈≈.........Z≈≈
≈≈≈≈.......≈≈≈#
≈≈≈≈≈≈......≈≈≈≈
.≈≈≈≈≈≈≈....≈≈≈≈≈
....≈≈≈≈≈≈≈~≈≈≈≈≈
^.....#≈≈≈≈.≈≈≈≈≈
......##......≈≈≈
......≈≈.@.....≈≈
......≈~E###...≈≈
.....≈≈~~# >.≈
.^.≈~~~~E## ≈
≈≈≈≈~≈≈≈E~#
≈≈≈~≈≈≈E≈~~.....≈
≈≈~~≈≈≈≈≈~...≈≈≈≈
≈~~≈≈≈≈≈≈≈≈≈≈≈≈≈≈
≈......^≈≈≈≈.C~~.


You could see an elemental wellspring, 3 water elementals and a titan
simulacrum.

Vanquished Creatures
  Asmodeus (Arena)
  the Royal Jelly (Slime:5)
  Dissolution (Slime:3)
  2 dread liches
  A juggernaut (Abyss:3)
  Bai Suzhen (Arena)
  Vashnia (Snake:2)
  Margery (Vaults:3)
  7 shard shrikes
  Geryon (Hell)
  2 golden dragons
  Nikola (Vaults:3)
  The ghost of aeroqp the Stormcaller, an adept DrAE of Vehumet (Elf:3)
  27 hellephants
  Jorgrun (Swamp:3)
  7 Brimstone Fiends
  7 tentacled monstrosities
  6 Ice Fiends
  5 liches
  Asterion (Vaults:3)
  A quicksilver dragon (Vaults:4)
  22 searing wretches
  3 deep elf master archers (Elf:3)
  2 deep elf blademasters
  16 acid blobs
  An Executioner (Abyss:2)
  Murray (Arena)
  7 titans
  Kirke (D:13)
  7 sphinxes
  2 thorn hunters (Swamp:4)
  5 shadow dragons
  2 storm dragons (Vaults:5)
  13 azure jellies
  11 tengu reavers
  11 rockslimes
  3 nagarajas (Snake:4)
  A draconian monk (Depths:4)
  A fenstrider witch (Arena)
  6 narguns
  14 fire giants
  3 iron dragons
  23 balrugs
  The ghost of Elinuc the Eclecticist, an adept DEHW of Sif Muna (Snake:4)
  6 deep elf sorcerers
  16 vault wardens
  Aizul (Snake:2)
  11 frost giants
  A juggernaut zombie (Hell)
  A draconian stormcaller (Depths:4)
  3 shard shrike simulacra
  4 orc warlords
  Louise (Snake:3)
  23 ironbound preservers
  2 deep elf elementalists (Elf:3)
  A spriggan defender (Depths:2)
  6 reapers
  2 angels (Abyss:3)
  A draconian annihilator (Depths:4)
  A war gargoyle (Vaults:5)
  2 ophanim (Abyss:3)
  15 quicksilver oozes
  18 stone giants
  A ghoul (Swamp:3)
  2 vampire knights (Depths:1)
  30 very ugly things
  An eleionoma (Swamp:4)
  10 elemental wellsprings
  7 ironbound thunderhulks
  A purple draconian (Depths:4)
  A green draconian (Depths:4)
  An entropy weaver (Vaults:2)
  A lorocyproca (Abyss:3)
  2 minotaurs
  8 deep elf demonologists
  9 deep elf annihilators
  11 spark wasps
  A white draconian (Depths:4)
  14 dire elephants
  6 bunyips
  A yellow draconian (Depths:4)
  5 wendigos
  8 deep elf death magi
  8 fire dragons
  12 ettins
  28 vault guards
  A blizzard demon (Hell)
  2 spriggan zombies (Hell)
  3 deep elf high priests (Elf:3)
  A shambling mangrove (Swamp:3)
  7 yaktaur captains
  12 great orbs of eyes
  A merfolk impaler (Elf:3)
  10 salamander tyrants
  A juggernaut simulacrum (Coc:1)
  3 boulder beetles
  3 hell beasts
  12 ice dragons
  2 caustic shrike simulacra
  4 rakshasas
  25 hydras
  5 spriggan air magi
  13 anacondas
  2 catoblepae
  15 centaur warriors
  2 ghost crabs
  5 ogre magi
  15 naga warriors
  11 ironbound frosthearts
  28 dancing weapons
  5 death yaks (IceCv)
  14 two-headed ogres
  8 stokers
  6 alligators
  A death knight (D:14)
  8 deep troll shamans
  12 tengu warriors
  43 hell hogs
  2 vampire magi
  11 deep troll earth magi
  A death scarab (Gauntlet)
  8 spriggan berserkers
  Nergalle (Lair:1)
  14 naga sharpshooters
  7 shock serpents
  5 soul eaters
  2 wretched stars
  11 sun demons
  32 hell knights
  24 deep elf knights
  11 iron trolls
  2 sea snakes (Snake:3)
  7 salamander mystics
  A sixfirhy (Abyss:3)
  3 skeletal warriors
  4 spriggan druids
  67 deep trolls
  A flayed ghost (Depths:2)
  4 goliath frogs
  8 naga ritualists
  2 cherubim (Abyss:3)
  10 deep elf archers
  4 glowing orange brains
  7 wizards
  3 spriggan simulacra
  5 bog bodies
  5 phantasmal warriors
  13 swamp dragons
  A shadow demon (Hell)
  15 lindwurms
  2 harpies (shapeshifter) (D:14)
  18 ironbound convokers
  21 deep elf zephyrmancers
  16 necromancers
  A shadow dragon zombie (Hell)
  48 ugly things
  3 wolf spider zombies (D:13)
  9 harpies
  An iron dragon zombie (Hell)
  11 orc knights
  34 deep elf pyromancers
  5 manticores
  13 mana vipers
  A stone giant zombie (Hell)
  A mana viper (shapeshifter) (Vaults:5)
  Pikel (D:4)
  6 cyclopes
  4 will-o-the-wisps
  10 elephants
  An orc sorcerer (Orc:2)
  3 shining eyes
  A wolf spider (Lair:5)
  26 salamanders
  7 guardian serpents
  An ice statue (IceCv)
  7 centaur zombies (D:13)
  5 smoke demons
  2 black mambas (shapeshifter)
  48 black mambas
  A torpor snail (Lair:5)
  16 vault sentinels
  An eye of devastation (Slime:5)
  2 rust devils
  A guardian serpent (shapeshifter) (Depths:2)
  15 naga magi
  4 unseen horrors
  2 gargoyles (D:13)
  14 cane toads
  3 kobold demonologists
  10 rime drakes
  2 efreet
  13 hellions
  A redback zombie (D:13)
  37 yaktaurs
  A bunyip simulacrum (Coc:2)
  4 freezing wraiths
  2 tengu conjurers
  6 komodo dragons
  4 anaconda simulacra
  A komodo dragon (shapeshifter) (D:15)
  A hellwing (Depths:2)
  2 red devils
  2 ancient zymes
  11 tormentors
  A troll (shapeshifter) (D:14)
  A meliai (D:13)
  5 polar bears
  A meliai (shapeshifter) (D:14)
  10 tyrant leeches
  11 trolls
  4 bloated husks
  6 blink frogs (Lair:3)
  A tarantella (Vaults:5)
  12 hornets
  A blink frog (shapeshifter) (Vaults:1)
  An ettin zombie (Hell)
  An iron dragon simulacrum (Coc:4)
  3 stone giant simulacra
  6 dream sheep (Lair:5)
  13 raiju
  101 slime creatures
  2 air elementals
  A centaur simulacrum (Hell)
  3 shadows (D:13)
  3 vampires
  3 dire elephant simulacra
  6 large abominations
  4 hogs
  A human (D:12)
  18 wyverns
  5 water elementals
  33 yaks
  2 ynoxinuls
  9 spriggans
  4 wraiths
  4 fire elementals
  2 alligator snapping turtle simulacra
  8 golden eyes
  16 redbacks
  20 vampire mosquitoes
  A neqoxec (Depths:2)
  A redback (shapeshifter) (Depths:1)
  6 basilisks
  A chaos spawn (Abyss:2)
  2 glowing shapeshifter zombies (Hell)
  2 wargs (D:11)
  8 harpy simulacra
  40 nagas
  A swamp worm (shapeshifter) (D:15)
  15 swamp worms
  6 acid dragons
  A hydra simulacrum (Coc:5)
  29 water moccasins
  2 floating eyes
  A floating eye zombie (Hell)
  43 orc warriors
  A spectral torpor snail (Gauntlet)
  An ice beast (D:7)
  4 sky beasts
  4 black bears
  8 ogres
  15 swamp drakes
  7 starcursed masses (Abyss:3)
  An ettin simulacrum (Coc:1)
  17 centaurs
  25 wolves
  3 lemures (D:4)
  A phantom (D:5)
  4 small abominations (Abyss:2)
  4 earth elementals (Elf:1)
  6 necrophages
  2 kobold brigands
  10 bullfrogs
  4 gnoll sergeants
  7 scorpions
  A naga simulacrum (Coc:1)
  4 wights
  8 killer bees
  10 electric eels
  3 howler monkeys
  5 jellies
  3 hounds
  16 orc priests
  2 gnoll boudas
  A boggart zombie (D:13)
  2 iguanas
  32 orc wizards
  11 hell rats
  Robin (D:2)
  7 adders
  22 gnolls
  14 white imps
  5 ufetubi
  2 worms (D:4)
  2 dart slugs
  90 orcs
  6 endoplasms
  2 giant cockroaches
  20 goblins
  19 hobgoblins
  4 jackals (D:2)
  5 quokkas
  8 ball pythons
  5 bats
  13 kobolds
  2 rats
  5 briar patches (Swamp:4)
  4 creeping infernos
  35 fire vortices
2522 creatures vanquished.

Vanquished Creatures (others)
  A searing wretch (Geh:6)
  2 fire giants
  A deep elf high priest (Elf:3)
  A spriggan skeleton (Hell)
  2 hell hogs
  A bunyip skeleton (Hell)
  A goliath frog (Swamp:2)
  A bog body (Swamp:3)
  A deep elf archer (Elf:3)
  3 spriggan simulacra
  A wizard (Vaults:3)
  A storm dragon simulacrum (Hell)
  A spriggan zombie (Hell)
  A tormentor (Coc:5)
  An anaconda simulacrum (Coc:1)
  A bloated husk (Swamp:3)
  An ettin zombie (Hell)
  A dire elephant simulacrum (Coc:1)
  A yak (D:10)
  A harpy simulacrum (Coc:1)
  An orc (D:10)
  5 creeping infernos
  2 demonic plants (Gauntlet)
  8 fire vortices
  18 foxfires
  18 fungi
  41 plants
117 creatures vanquished.

Grand Total: 2639 creatures vanquished

Notes
Turn   | Place    | Note
-------+----------+-------------------------------------------
     0 | D:1      | ChadusMaximus the Minotaur Fighter began the quest for the
                  | Orb.
     0 | D:1      | Reached XP level 1. HP: 19/19 MP: 0/0
   353 | D:1      | Reached XP level 2. HP: 12/27 MP: 1/1
   510 | D:1      | Found a faded altar of an unknown god.
   744 | D:1      | Reached skill level 4 in Fighting
  1067 | D:1      | Reached XP level 3. HP: 27/33 MP: 2/2
  1418 | D:2      | Noticed Robin
  1428 | D:2      | Killed Robin
  1684 | D:2      | Reached XP level 4. HP: 41/41 MP: 3/3
  1720 | D:2      | Noticed a scorpion
  1738 | D:2      | Killed a scorpion
  1943 | D:2      | Reached XP level 5. HP: 39/47 MP: 4/4
  3038 | D:3      | Reached skill level 5 in Fighting
  3167 | D:3      | Found an ancient bone altar of Kikubaaqudgha.
  3180 | D:3      | Reached skill level 5 in Armour
  3180 | D:3      | Reached skill level 5 in Shields
  3250 | D:3      | Found a shimmering blue altar of Sif Muna.
  3260 | D:3      | Found a radiant altar of Vehumet.
  3270 | D:3      | Reached XP level 6. HP: 50/56 MP: 5/5
  3544 | D:3      | Got Vehumet's Quarto of Conjuration
  4178 | D:4      | Noticed a sky beast
  4193 | D:4      | Killed a sky beast
  4194 | D:4      | Reached skill level 5 in Axes
  4194 | D:4      | Reached XP level 7. HP: 33/62 MP: 6/6
  4492 | D:4      | Noticed Pikel
  4511 | D:4      | Killed Pikel
  4512 | D:4      | Reached skill level 6 in Fighting
  4566 | D:4      | Reached XP level 8. HP: 10/71 MP: 7/7
  5321 | D:5      | Entered Level 5 of the Dungeon
  5330 | D:5      | Reached skill level 7 in Fighting
  6450 | D:5      | Found a shadowy altar of Dithmenos.
  6852 | D:5      | Reached skill level 8 in Fighting
  6852 | D:5      | Reached XP level 9. HP: 74/81 MP: 8/8
  7021 | D:6      | Found a staircase to the Ecumenical Temple.
  7061 | Temple   | Entered the Ecumenical Temple
  7077 | Temple   | Became a worshipper of Warmaster Okawaru
  7351 | D:6      | Noticed a two-headed ogre
  7363 | D:6      | Killed a two-headed ogre
  8271 | D:7      | Reached skill level 1 in Invocations
  8276 | D:7      | Reached * piety under Okawaru
  8583 | D:7      | You fall into a shaft and drop 2 floors!
  8620 | D:8      | Reached skill level 9 in Fighting
  9921 | D:7      | Reached XP level 10. HP: 81/91 MP: 8/11
 10009 | D:7      | Noticed a two-headed ogre
 10022 | D:7      | Killed a two-headed ogre
 10022 | D:7      | Reached ** piety under Okawaru
 10486 | D:7      | Reached skill level 5 in Invocations
 10903 | D:7      | Noticed a two-headed ogre
 10914 | D:7      | Killed a two-headed ogre
 10915 | D:7      | Reached skill level 10 in Fighting
 10922 | D:7      | Reached skill level 10 in Armour
 10922 | D:7      | Reached skill level 10 in Shields
 11134 | D:7      | Reached *** piety under Okawaru
 11302 | D:7      | Identified the ring "Tuannab" {Fly rF+ rN+ Int-2 Dex+4}
 11455 | D:7      | Noticed a cyclops
 11465 | D:7      | Killed a cyclops
 11466 | D:7      | Reached XP level 11. HP: 60/99 MP: 12/14
 12285 | D:9      | Reached skill level 10 in Axes
 12785 | D:9      | Found Keekheck's Magic Scroll Boutique.
 12813 | D:9      | Found a shimmering altar of Xom.
 12821 | D:9      | Found a blossoming altar of Fedhas.
 13625 | D:10     | Entered Level 10 of the Dungeon
 13639 | D:10     | Reached **** piety under Okawaru
 13876 | D:10     | Found a broken altar of Ashenzari.
 13883 | D:10     | Found a flagged portal.
 13923 | D:10     | Identified the ring of Yfukk {rC+ Dex+3 Slay+2}
 14040 | Bailey   | Entered a bailey
 14675 | Bailey   | Noticed an orc knight
 14694 | Bailey   | Killed an orc knight
 15528 | Bailey   | Found an iron altar of Okawaru.
 15790 | D:10     | Found a snail-covered altar of Cheibriados.
 15843 | D:10     | Reached skill level 11 in Fighting
 15950 | D:10     | Reached skill level 1 in Throwing
 16619 | D:11     | Found a staircase to the Orcish Mines.
 16741 | D:11     | Noticed a four-headed hydra
 16762 | D:11     | Killed a 12-headed hydra
 17337 | D:11     | Noticed a two-headed ogre
 17352 | D:11     | Killed a two-headed ogre
 17353 | D:11     | Reached XP level 12. HP: 89/110 MP: 15/17
 17432 | D:11     | Found a staircase to the Lair.
 17473 | D:11     | HP: 5/110 [elephant (2)]
 18096 | D:11     | Received a gift from Okawaru
 18207 | D:11     | Noticed an ogre mage
 18211 | D:11     | Paralysed by something for 3 turns
 18215 | D:11     | Killed an ogre mage
 18453 | D:11     | Paralysed by a hornet for 3 turns
 19171 | Lair:1   | Entered Level 1 of the Lair of Beasts
 19183 | Lair:1   | Acquired a manual of Fighting
 19313 | Lair:1   | Found a frozen archway.
 19340 | IceCv    | Entered an ice cave
 19491 | IceCv    | Noticed a death yak
 19516 | IceCv    | Killed a death yak
 19517 | IceCv    | Reached skill level 5 in Throwing
 19519 | IceCv    | Reached skill level 12 in Fighting
 19823 | IceCv    | Received a gift from Okawaru
 19968 | IceCv    | Noticed a death yak
 19968 | IceCv    | Noticed a frost giant
 19983 | IceCv    | Killed a death yak
 19997 | IceCv    | Killed a frost giant
 20009 | IceCv    | Reached ***** piety under Okawaru
 20242 | IceCv    | Noticed a death yak
 20242 | IceCv    | Noticed a death yak
 20255 | IceCv    | Killed a death yak
 20274 | IceCv    | Killed a death yak
 20644 | IceCv    | Received a gift from Okawaru
 20661 | IceCv    | Noticed a death yak
 20680 | IceCv    | Killed a death yak
 20681 | IceCv    | Reached skill level 13 in Fighting
 20681 | IceCv    | Reached XP level 13. HP: 101/122 MP: 16/18
 22337 | Lair:1   | Noticed Nergalle
 22355 | Lair:1   | Killed Nergalle
 22649 | Lair:2   | Received a gift from Okawaru
 22773 | Lair:2   | Received a gift from Okawaru
 22785 | Lair:2   | Reached skill level 14 in Fighting
 22793 | Lair:2   | Received a gift from Okawaru
 23687 | Lair:2   | Identified the +8 chain mail of Tucucuaw {Int+4}
 23951 | Lair:2   | Found a staircase to the Swamp.
 24266 | Lair:3   | Found a staircase to the Snake Pit.
 24689 | Lair:3   | Reached skill level 15 in Fighting
 24705 | Lair:3   | Received a gift from Okawaru
 25576 | Lair:4   | Found a gate leading to a gauntlet.
 25580 | Lair:4   | Reached XP level 14. HP: 135/135 MP: 19/19
 25602 | Gauntlet | Entered a Gauntlet
 25602 | Gauntlet | Found a transporter.
 25746 | Gauntlet | Found a transporter.
 25761 | Gauntlet | Found a transporter.
 25766 | Gauntlet | Found a transporter.
 25781 | Gauntlet | Found a transporter.
 25800 | Gauntlet | Found a transporter.
 25812 | Gauntlet | Found a transporter.
 25813 | Gauntlet | Noticed a quicksilver ooze
 25824 | Gauntlet | Found a transporter.
 25836 | Gauntlet | Found a transporter.
 25848 | Gauntlet | Found a transporter.
 25865 | Gauntlet | Found a transporter.
 25883 | Gauntlet | Found a transporter.
 25885 | Gauntlet | Found a transporter.
 25911 | Gauntlet | Found a transporter.
 25913 | Gauntlet | Found a transporter.
 25933 | Gauntlet | Found a transporter.
 26011 | Gauntlet | Found a transporter.
 26031 | Gauntlet | Found a transporter.
 26879 | Gauntlet | Identified the +2 leather armour of Niraesej {rN++}
 26912 | Gauntlet | Killed a quicksilver ooze
 26920 | Gauntlet | Identified the +1 pair of gloves of the King of the Hill
                  | {Str+4}
 26961 | Gauntlet | Identified the +8 short sword of the Sixty-Six Hosts
                  | {freeze, rElec rF+ rC+}
 27918 | Lair:5   | Entered Level 5 of the Lair of Beasts
 27922 | Lair:5   | Found a staircase to the Slime Pits.
 28092 | Lair:5   | Reached skill level 16 in Fighting
 29052 | Lair:5   | Received a gift from Okawaru
 29054 | Lair:5   | Reached skill level 17 in Fighting
 29461 | Orc:1    | Entered Level 1 of the Orcish Mines
 29547 | Orc:1    | Received a gift from Okawaru
 29601 | Orc:2    | Entered Level 2 of the Orcish Mines
 29613 | Orc:2    | Found a staircase to the Elven Halls.
 29673 | Orc:2    | Found Winnig's Whimsical Warehouse.
 29905 | Orc:2    | Received a gift from Okawaru
 29937 | Orc:2    | Found Fotsek's General Store.
 29937 | Orc:2    | Found Niasumm's Armour Shop.
 29937 | Orc:2    | Found Docoilul's Distillery.
 29940 | Orc:2    | Found Agatusm's Distillery.
 30034 | Orc:2    | Found Ageed's Distillery.
 30354 | Orc:2    | Found a shimmering blue altar of Sif Muna.
 30375 | Orc:2    | Got Sif Muna's Tome of the Lithosphere
 30463 | Orc:2    | Bought a +0 tower shield for 67 gold pieces
 30463 | Orc:2    | Bought a scroll of enchant armour for 112 gold pieces
 30571 | Orc:1    | Found Rinwaz's General Store.
 30575 | Orc:1    | Found Nog Wosh's Specific Store.
 30728 | Orc:1    | Found Ziemoyff's Antique Weapon Boutique.
 30744 | Orc:1    | Noticed an orc warlord
 30758 | Orc:1    | Killed an orc warlord
 31037 | Orc:1    | Received a gift from Okawaru
 31439 | D:12     | Reached XP level 15. HP: 147/147 MP: 20/20
 31539 | D:12     | Reached XP level 16. HP: 154/156 MP: 18/21
 31713 | D:12     | Reached skill level 15 in Shields
 32006 | D:13     | Reached skill level 15 in Axes
 32023 | D:13     | Found a transporter.
 32045 | D:13     | Found Qiuwy's Antique Weapon Boutique.
 32069 | D:13     | Reached skill level 18 in Fighting
 32142 | D:13     | Noticed Kirke
 32431 | D:13     | Found a gate to the Vaults.
 32456 | D:13     | Received a gift from Okawaru
 32557 | D:13     | Killed Kirke
 32558 | D:13     | Reached skill level 10 in Throwing
 32571 | D:13     | Received a gift from Okawaru
 32896 | D:13     | Received a gift from Okawaru
 33127 | D:14     | Found a glowing golden altar of the Shining One.
 33838 | D:15     | Entered Level 15 of the Dungeon
 33923 | D:15     | Found an iron altar of Okawaru.
 34070 | D:15     | Identified the +0 hat of Taupa {Dex+2} (Okawaru gifted it
                  | to you on level 15 of the Dungeon)
 34070 | D:15     | Received a gift from Okawaru
 34380 | D:15     | Found a staircase to the Depths.
 35206 | Swamp:1  | Entered Level 1 of the Swamp
 35426 | Swamp:1  | Reached XP level 17. HP: 166/166 MP: 22/22
 36145 | Swamp:2  | Identified the +5 ring mail "Zaboros" {rF+ Stlth+}
 36663 | Swamp:3  | Reached skill level 10 in Invocations
 36674 | Swamp:3  | Noticed Bai Suzhen
 36686 | Arena    | Entered the Arena
 36698 | Arena    | Killed Bai Suzhen
 36838 | Swamp:3  | Noticed a tentacled monstrosity
 36849 | Swamp:3  | Killed a tentacled monstrosity
 36850 | Swamp:3  | Reached skill level 19 in Fighting
 36897 | Swamp:3  | Received a gift from Okawaru
 36929 | Swamp:3  | Received a gift from Okawaru
 37002 | Swamp:3  | Noticed Jorgrun
 37010 | Swamp:3  | Killed Jorgrun
 37092 | Swamp:3  | Identified the +1 scale mail of Instinct {*Corrode rElec
                  | rF+ Regen+ MP+9} (Okawaru gifted it to you on level 3 of
                  | the Swamp)
 37092 | Swamp:3  | Received a gift from Okawaru
 37501 | Swamp:4  | Entered Level 4 of the Swamp
 37857 | Swamp:4  | Noticed a tentacled monstrosity
 37870 | Swamp:4  | Killed a tentacled monstrosity
 38015 | Swamp:4  | Identified the +1 robe of Morality {Rampage Archmagi}
 38093 | Arena    | Entered the Arena
 38099 | Arena    | Reached XP level 18. HP: 29/176 MP: 19/26
 38100 | Arena    | Reached XP level 19. HP: 32/183 MP: 19/28
 38399 | Swamp:4  | Got a decaying rune of Zot
 39177 | Snake:1  | Entered Level 1 of the Snake Pit
 39201 | Snake:1  | Received a gift from Okawaru
 39311 | Snake:1  | Reached XP level 20. HP: 183/193 MP: 30/30
 39522 | Snake:1  | Found a bloodstained altar of Trog.
 39843 | Snake:2  | Found a transporter.
 39857 | Snake:2  | Noticed Vashnia
 39868 | Snake:2  | Received a gift from Okawaru
 39891 | Snake:2  | Killed Vashnia
 39892 | Snake:2  | Reached skill level 15 in Invocations
 40074 | Snake:2  | Reached skill level 20 in Fighting
 40196 | Snake:2  | Noticed Aizul
 40213 | Snake:2  | Killed Aizul
 40258 | Snake:2  | Found Myilosis's Antique Weapon Boutique.
 40405 | Snake:2  | Received a gift from Okawaru
 41063 | Snake:2  | Found a transporter.
 41128 | Snake:2  | Got the Atlas of Tainted Minerals
 41466 | Snake:3  | Noticed Louise
 41473 | Snake:3  | Identified the +0 robe of Lahib {Harm Str+6}
 41485 | Snake:3  | Killed Louise
 41749 | Snake:3  | Found Maecac Rum's Magic Scroll Boutique.
 42205 | Snake:4  | Entered Level 4 of the Snake Pit
 42235 | Snake:4  | Found a runed translucent door.
 42237 | Snake:4  | Noticed Elinuc's ghost (adept DEHW)
 42271 | Snake:4  | Found a stormy altar of Qazlal.
 42361 | Snake:4  | Killed Elinuc's ghost
 42605 | Snake:4  | Found Amofut's Assorted Antiques.
 42613 | Snake:4  | Bought a scroll of acquirement for 1404 gold pieces
 42616 | Snake:4  | Acquired the amulet of Xiprob {RegenMP rElec rPois Will-
                  | Regen+}
 43021 | Snake:4  | Received a gift from Okawaru
 43409 | Snake:4  | Reached XP level 21. HP: 136/202 MP: 29/31
 43428 | Snake:4  | Got a serpentine rune of Zot
 43885 | Vaults:1 | Entered Level 1 of the Vaults
 44372 | Vaults:1 | Received a gift from Okawaru
 44431 | Vaults:1 | Reached skill level 21 in Fighting
 44589 | Vaults:1 | Received a gift from Okawaru
 44948 | Vaults:1 | Identified the +0 crystal plate armour of the Hidden
                  | Planets {rF+ Int-5 Slay+5} (Okawaru gifted it to you on
                  | level 1 of the Vaults)
 44948 | Vaults:1 | Received a gift from Okawaru
 45111 | Vaults:1 | Reached ****** piety under Okawaru
 46186 | Vaults:2 | Identified the +1 chain mail of the Shouting Gods {Dex+6
                  | Stlth+}
 46677 | Vaults:2 | Found a staircase to the Crypt.
 46677 | Vaults:2 | Found a basalt altar of Yredelemnul.
 46678 | Vaults:2 | Found an ancient bone altar of Kikubaaqudgha.
 46822 | Vaults:2 | Received a gift from Okawaru
 47044 | Vaults:3 | Acquired 964 gold pieces
 47231 | Vaults:3 | Identified the ring of the Smoking Madman {Str+2 Dex+6}
 47401 | Vaults:3 | Noticed Margery
 47408 | Vaults:3 | Received a gift from Okawaru
 47414 | Vaults:3 | Killed Margery
 47415 | Vaults:3 | Reached XP level 22. HP: 190/214 MP: 30/32
 47447 | Vaults:3 | Reached skill level 15 in Throwing
 47982 | Vaults:3 | Noticed Asterion
 48005 | Vaults:3 | Killed Asterion
 48092 | Vaults:3 | Noticed Nikola
 48108 | Vaults:3 | Killed Nikola
 48228 | Vaults:3 | Found Fobbomao's General Store.
 48695 | Vaults:4 | Reached skill level 22 in Fighting
 48731 | Vaults:4 | Paralysed by a great orb of eyes for 5 turns
 49112 | Vaults:4 | Identified the +6 war axe "Demonbane" {flame, Dex+4}
                  | (Okawaru gifted it to you on level 4 of the Vaults)
 49112 | Vaults:4 | Received a gift from Okawaru
 50292 | Depths:1 | Entered Level 1 of the Depths
 50296 | Depths:1 | Lost intelligence.
 50385 | Depths:1 | Found a gateway to Hell.
 50402 | Depths:1 | Identified the +4 tower shield of the Comet {Harm Fly
                  | Dex-5} (Okawaru gifted it to you on level 1 of the Depths)
 50402 | Depths:1 | Received a gift from Okawaru
 50958 | Depths:1 | Reached XP level 23. HP: 224/224 MP: 33/33
 51162 | Depths:1 | Identified the ring of Voyryhoe {*Corrode Drain +Blink
                  | rPois rN+++}
 51650 | Depths:1 | Found a radiant altar of Vehumet.
 51682 | Depths:1 | Paralysed by a floating eye for 2 turns
 51687 | Depths:1 | Paralysed by a floating eye for 4 turns
 51843 | Depths:1 | Received a gift from Okawaru
 51995 | Depths:1 | You are sucked into a shaft and drop 1 floor!
 51995 | Depths:2 | Found Enixiss's Magic Scroll Shop.
 51995 | Depths:2 | Found Iclutrim's Weapon Boutique.
 52020 | Depths:2 | Identified the +2 pair of gloves of Qeociser {rPois rF+++
                  | Str-4 Stlth+} (Okawaru gifted it to you on level 2 of the
                  | Depths)
 52020 | Depths:2 | Received a gift from Okawaru
 52108 | Depths:2 | Found a one-way gate leading to the halls of Pandemonium.
 52395 | Depths:2 | Paralysed by a floating eye for 2 turns
 52405 | Depths:2 | Paralysed by a floating eye for 4 turns
 52413 | Depths:2 | Paralysed by a floating eye for 3 turns
 52424 | Depths:2 | Paralysed by a floating eye for 2 turns
 53486 | Depths:3 | Found a one-way gate to the infinite horrors of the Abyss.
 53500 | Depths:3 | Reached skill level 23 in Fighting
 53704 | Depths:3 | Found a one-way gateway to a ziggurat.
 53893 | Depths:3 | Received a gift from Okawaru
 54307 | Depths:3 | Found the +5 demon whip "Spellbinder" {antimagic, Will+}
 54374 | Depths:3 | Identified the +12 war axe of Jurphaol {chaos, rPois}
                  | (Okawaru gifted it to you on level 3 of the Depths)
 54374 | Depths:3 | Received a gift from Okawaru
 54789 | Depths:4 | Entered Level 4 of the Depths
 55108 | Depths:4 | Reached XP level 24. HP: 230/235 MP: 33/33
 55159 | Depths:4 | Found a gate to the Realm of Zot.
 55171 | Depths:4 | Received a gift from Okawaru
 55467 | Depths:4 | Identified the +0 steam dragon scales of the Kangaroo {rC+
                  | Will- MP+9 Slay+4} (Okawaru gifted it to you on level 4 of
                  | the Depths)
 55467 | Depths:4 | Received a gift from Okawaru
 55823 | Depths:4 | Found a broken altar of Ashenzari.
 56098 | Depths:4 | Found a glowing silver altar of Zin.
 56654 | Slime:1  | Entered Level 1 of the Pits of Slime
 57540 | Slime:2  | Found a viscous altar of Jiyva.
 59093 | Slime:3  | Noticed Dissolution
 59112 | Slime:3  | Paralysed by a floating eye for 2 turns
 59121 | Arena    | Entered the Arena
 59170 | Slime:3  | Killed Dissolution
 59406 | Slime:3  | Gained mutation: Your magical capacity is low. (-10% MP) [a
                  | shining eye]
 59866 | Slime:5  | Entered Level 5 of the Pits of Slime
 61035 | Slime:5  | Received a gift from Okawaru
 61071 | Slime:5  | Noticed the Royal Jelly
 61078 | Slime:5  | Killed the Royal Jelly
 61120 | Arena    | Entered the Arena
 61381 | Slime:5  | Found the +9 staff of Olgreb {rPois∞}
 61471 | Slime:5  | Identified the +9 spear of Inference {freeze, Str+4 Int+3}
 61600 | Slime:5  | Got a slimy rune of Zot
 62020 | Vaults:5 | Entered Level 5 of the Vaults
 62025 | Vaults:5 | Reached skill level 24 in Fighting
 62040 | Vaults:5 | Identified the +2 robe of Dyspraxia {rC++ Will-} (Okawaru
                  | gifted it to you on level 5 of the Vaults)
 62040 | Vaults:5 | Received a gift from Okawaru
 62047 | Abyss:2  | Found a corrupted altar of Lugonu.
 62047 | Abyss:2  | Cast into level 2 of the Abyss (a deep elf sorcerer)
 62211 | Abyss:2  | Reached XP level 25. HP: 245/245 MP: 30/30
 62364 | Abyss:3  | Noticed a juggernaut
 62372 | Abyss:3  | Killed a juggernaut
 62376 | Abyss:3  | Got an abyssal rune of Zot
 62384 | Abyss:3  | Found a glowing golden altar of the Shining One.
 62534 | Vaults:5 | Escaped the Abyss
 62664 | Vaults:5 | Noticed a dread lich
 62815 | Vaults:5 | Killed a dread lich
 63171 | Vaults:5 | Identified the +4 trident "Qedwegg" {vorpal, Str+6 Int-3
                  | Dex-2 SInv Stlth+}
 63171 | Vaults:5 | Identified the ring "Ywoaqe" {rC+ rCorr Int+7}
 63382 | Vaults:5 | Identified the +6 dire flail of Woefrarch {holy, rF+}
 63490 | Vaults:5 | Got a silver rune of Zot
 63620 | Vaults:5 | Identified the +9 falchion of Extermination {spect, rC+
                  | Str+4 Stlth+}
 63701 | Vaults:5 | Received a gift from Okawaru
 63727 | Vaults:5 | Found Huaptysk's Magic Scroll Shoppe.
 63735 | Vaults:5 | Bought a scroll of enchant armour for 90 gold pieces
 63735 | Vaults:5 | Bought a scroll of enchant weapon for 90 gold pieces
 63735 | Vaults:5 | Bought a scroll of enchant weapon for 90 gold pieces
 64412 | Elf:1    | Entered Level 1 of the Elven Halls
 64648 | Elf:1    | Received a gift from Okawaru
 65143 | Elf:2    | Received a gift from Okawaru
 65291 | Elf:2    | Identified the +1 leather armour "Xykhlanoi" {rF+}
 65359 | Elf:2    | Identified the +6 short sword of the Beginning {venom,
                  | Dex+2}
 65399 | Elf:2    | Acquired 605 gold pieces
 65646 | Elf:2    | Paralysed by an air elemental for 1 turns
 65711 | Elf:2    | Reached XP level 26. HP: 246/246 MP: 30/30
 65726 | Elf:2    | Found a huge runed translucent gate.
 65726 | Elf:2    | Found a huge runed translucent gate.
 65726 | Elf:2    | Found a huge runed translucent gate.
 65726 | Elf:2    | Found a huge runed translucent gate.
 65727 | Elf:2    | Found a huge runed translucent gate.
 65989 | Elf:2    | Reached skill level 25 in Fighting
 66227 | Elf:3    | Entered Level 3 of the Elven Halls
 66231 | Elf:3    | Found Folour's Armour Emporium.
 66381 | Elf:3    | Identified the +1 pair of gloves "Jonuew Ysu" {rPois Will++
                  | Dex+3 Slay-6} (Okawaru gifted it to you on level 3 of the
                  | Elven Halls)
 66381 | Elf:3    | Received a gift from Okawaru
 66890 | Elf:3    | Found a runed translucent gate.
 66890 | Elf:3    | Found a runed translucent gate.
 66890 | Elf:3    | Found a runed translucent gate.
 66894 | Elf:3    | Noticed aeroqp's ghost (adept DrAE)
 67048 | Elf:3    | Identified the +10 trident of Qiremuko {freeze, *Noise
                  | Str+2 SInv}
 67128 | Elf:3    | Identified the ring of Generosity {rPois Will+ AC+4}
 67263 | Elf:3    | Identified the +12 battleaxe of Duty {vorpal, Stlth+}
 67263 | Elf:3    | Identified the +2 leather armour of the Nightingale {Str-4
                  | Int+2 Dex+5}
 67267 | Elf:3    | Identified the +2 quarterstaff "Moehacw" {vorpal, rN+ Int+3
                  | Dex-2}
 67563 | Elf:3    | Found an iron altar of Okawaru.
 67595 | Elf:3    | Killed aeroqp's ghost
 67637 | Elf:3    | Identified the +0 leather armour of Beyond {*Corrode rElec
                  | rN+}
 67948 | Hell     | Entered the Vestibule of Hell
 67948 | Hell     | Noticed Geryon
 67964 | Hell     | Killed Geryon
 68194 | Hell     | Noticed Murray
 68206 | Arena    | Entered the Arena
 68218 | Arena    | Killed Murray
 68604 | Hell     | Paralysed by a wendigo for 1 turns
 68607 | Hell     | Received a gift from Okawaru
 68610 | Hell     | Found a gateway to the freezing wastes of Cocytus.
 68610 | Hell     | Paralysed by a wendigo for 1 turns
 68615 | Hell     | Paralysed by a wendigo for 1 turns
 68722 | Hell     | Found a gateway to the Iron City of Dis.
 68758 | Hell     | Found a gateway to the ashen valley of Gehenna.
 68835 | Hell     | Found a gateway to the decaying netherworld of Tartarus.
 69143 | Geh:1    | Entered Level 1 of Gehenna
 69841 | Geh:3    | Received a gift from Okawaru
 70252 | Geh:4    | HP: 12/260 [balrug/divine providence (11)]
 70253 | Geh:4    | HP: 4/260 [balrug/divine providence (9)]
 70950 | Geh:4    | Received a gift from Okawaru
 70951 | Geh:4    | Reached XP level 27. HP: 216/241 MP: 30/30
 71310 | Geh:5    | Reached skill level 26 in Fighting
 71318 | Geh:5    | Received a gift from Okawaru
 72011 | Geh:6    | Received a gift from Okawaru
 72093 | Geh:7    | Entered Level 7 of Gehenna
 73126 | Geh:7    | Found the +15 Maxwell's patent armour {-Cast -Tele rElec
                  | Will+ rCorr}
 73190 | Geh:7    | Identified the ring "Qiphof" {rC+ Int+2 Slay+4}
 73241 | Geh:7    | Found the +7 sceptre of Asmodeus
 73241 | Geh:7    | Noticed Asmodeus
 73242 | Arena    | Entered the Arena
 73281 | Arena    | Killed Asmodeus
 73281 | Arena    | Received a gift from Okawaru
 73747 | Geh:7    | Got an obsidian rune of Zot
 74284 | Geh:7    | Received a gift from Okawaru
 74584 | Geh:7    | Identified the +4 flail of the Onslaught {vorpal, rN+}
 74875 | Coc:1    | Entered Level 1 of Cocytus
 74901 | Coc:1    | Paralysed by a wendigo for 1 turns
 74918 | Coc:1    | Paralysed by a wendigo for 1 turns
 75872 | Coc:1    | Lost intelligence.
 75922 | Arena    | Entered the Arena
 75927 | Arena    | HP: 8/238 [Ice Fiend (8)]
 75927 | Arena    | HP: 2/238 [Ice Fiend (6)]
 76228 | Coc:3    | Noticed a dread lich
 76236 | Coc:3    | Killed a dread lich
 76237 | Coc:3    | Reached skill level 27 in Fighting
 76485 | Coc:4    | Received a gift from Okawaru
 77211 | Coc:4    | Received a gift from Okawaru
 77227 | Coc:4    | Paralysed by a wendigo for 1 turns
 77822 | Coc:5    | HP: 8/232 [elemental wellspring/torrent of water (15)]
 77822 | Coc:5    | HP: 2/232 [rock wall collision (6)]
 77828 | Coc:5    | Killed from afar by an elemental wellspring

Illustrated notes

Levels and vault maps discovered:
D:1:      dpeg_arrival_castle, layout_basic, basic_ecumenical_altar
D:2:      layout_loops_ring, uniq_robin
D:3:      layout_basic, palyth_temple_overflow_mages
D:4:      layout_basic, reono_crystal_passage, kennysheep_generic_room_12,
          uniq_pikel
D:5:      layout_rooms, nicolae_dithmenos_the_darkroom, kennysheep_dice
D:6:      layout_layer_cave, minmay_temple_entry_large_hall
D:7:      minmay_the_grid_octo_tiled_octocenter [minmay_the_grid_octo_odd_swirl,
          minmay_the_grid_octo_concentric, minmay_the_grid_octo_horde,
          minmay_the_grid_octo_empty, minmay_the_grid_octo_prize_big_c,
          minmay_the_grid_square_5x5_hollow_slash,
          minmay_the_grid_square_5x5_half_checkered,
          minmay_the_grid_square_5x5_spiral, minmay_the_grid_square_5x5_v],
          layout_loops_ring, kennysheep_generic_room_7
D:8:      layout_basic, serial_bayou_pond_c
D:9:      layout_grid_maze, mainiacjoe_overflow_big_doors, serial_shops, shop
D:10:     layout_basic, lemuel_round_altar, cheibriados_altar_1, enter_bailey_8,
          minmay_liquid_box, pond
D:11:     layout_cave_pods, david_lair_generic, erik_orc_3,
          kennysheep_just_a_vault
D:12:     layout_loops_ring
D:13:     minmay_slanted_spiral_squares, layout_cave_pools, erik_vaults_1,
          serial_undead, serial_undead_f, serial_undead_d, serial_undead_a,
          serial_undead_d, serial_shops, shop, nicolae_diode_basic, uniq_kirke
D:14:     layout_basic, tso_metal_star, kennysheep_generic_room_16
D:15:     gammafunk_enter_depths_forms, layout_stronghold,
          okawaru_metal_pillars_1_2
Temple:   eino_temple_water
Lair:1:   layout_cellular_growth, portal_ice_cave_entry_imps, st_stairs_10,
          infiniplex_staircase_pool, uniq_nergalle
Lair:2:   layout_layer_cave, minmay_swamp_entry_worms, grunt_megastairs_3
Lair:3:   dreamdust_cave_troll, layout_chaotic_city,
          minmay_snake_entry_six_corridors
Lair:4:   layout_loops_ring, gauntlet_entry_generic,
          chequers_serial_rivers_small_3, lemuel_fruit_tree
Lair:5:   hangedman_lair_tendril_chambers, layout_gridlike, slime_entry_1,
          minmay_hedge_maze
Swamp:1:  layout_basic_swamp, nicolae_swamp_dense_foliage,
          hangedman_swamp_diagram, swamp_pool3
Swamp:2:  layout_basic_swamp, nicolae_swamp_tree_designs
Swamp:3:  layout_falls_marsh, serial_swamp_ruin, evilmike_swamp_ruin_house_5,
          evilmike_swamp_ruin_house_4, hangedman_swamp_ruin_wall, swamp_pool5,
          nicolae_swamp_trees_clearing, uniq_jorgrun, uniq_bai_suzhen
Swamp:4:  swamp_alternative, layout_basic_swamp,
          nicolae_swamp_very_dense_foliage
Snake:1:  layout_misc_corridors, basic_altar, nicolae_snake_salamander_jacuzzi
Snake:2:  gammafunk_the_bubble [the_bubble_gammafunk_crates], layout_onion,
          grunt_ministairs_4, minmay_shop_grid_forest, uniq_vashnia, uniq_aizul
Snake:3:  layout_rooms, serial_shops, shop, serial_bayou_shore_a,
          serial_bayou_shore_b, nicolae_triple_integral, uniq_louise
Snake:4:  snake_pit_salamanders_mu, layout_cave_town, serial_shops,
          nicolae_shop_behind_doors, basic_altar, ebering_ghost_inner_flame
Slime:1:  layout_caves
Slime:2:  layout_caves, basic_altar, nicolae_slime_ancient_tower_intersection,
          cheibrodos_slime_lost_civilization_5
Slime:3:  layout_caves, dissolution_awaits
Slime:4:  layout_caves
Slime:5
Orc:1:    layout_diamond_mine, basic_altar, serial_shops, shop,
          nicolae_specific_store
Orc:2:    st_orc_rangers, layout_caves, serial_shops,
          nicolae_shop_window_shopping, nicolae_alphabet_shops, led_sif_book
Elf:1:    elf_arrival_002, layout_gridlike, minivault_28
Elf:2:    elven_hall_of_blades_hangedman_alternative
          [nicolae_blade_little_rooms], layout_geoelf_diagonals,
          small_chamber_with_monster
Elf:3:    minmay_elf_hall_statues, layout_geoelf_octagon,
          gammafunk_ghost_fury_of_okawaru, serial_shops,
          nicolae_shop_advertising_works [nicolae_subvault_shop_adworks],
          minivault_24
Vaults:1: vaults_standard_mumra_x, nicolae_vaults_border_crossing,
          hangedman_vaults_unwind, ontoclasm_vaults_fault, grunt_vaults_focal,
          st_eye, hangedman_vaults_cutoff, nicolae_vaults_little_squares_1,
          v_pattern_1, vaults_mumra_minichess, ontoclasm_vaults_tryst,
          ontoclasm_vaults_ligature, ontoclasm_vaults_shuriken, v_misc_19,
          v_misc_14, layout_vaults_big_cross
Vaults:2: ontoclasm_vaults_shout, minmay_crypt_entry_necro_gods,
          grunt_vaults_hallway_long, v_misc_16, ontoclasm_vaults_ring_large,
          nicolae_vaults_little_squares_1, v_misc_26, v_misc_14,
          hangedman_vaults_maws, vaults_dpeg_hooks, layout_vaults_omnigrid
Vaults:3: nicolae_vaults_asterisk, ontoclasm_vaults_spin, v_misc_22,
          grunt_vaults_twisty, ontoclasm_vaults_loading_screen,
          grunt_vaults_bifocal, v_misc_5, dpeg_vaults_hating_casters,
          v_alt_pattern_2, v_misc_19, layout_vaults_omnibox, serial_shops,
          nicolae_shop_behind_doors, uniq_nikola, uniq_asterion, uniq_margery
Vaults:4: v_misc_5, ontoclasm_vaults_ring_large,
          nicolae_vaults_twisting_passages, vaults_mumra_hex, v_misc_10,
          dpeg_vaults_monster_box, v_misc_4, v_alt_pattern_3,
          vaults_room_stairs_pillars, grunt_vaults_hallway_short,
          layout_vaults_chaotic_city
Vaults:5: serial_shops
Depths:1: kennysheep_snake, layout_gridlike, serial_aquarium,
          aquarium_bridge_long_separate [aquarium_subvault_window,
          aquarium_subvault_bridge, aquarium_subvault_balcony,
          aquarium_subvault_bridge, aquarium_subvault_window,
          aquarium_subvault_wall], aquarium_bridge_square
          [aquarium_subvault_window, aquarium_subvault_wall,
          aquarium_subvault_bridge, aquarium_subvault_window],
          aquarium_window_1, aquarium_window_fake, aquarium_window_corner,
          aquarium_window_2, aquarium_view_2d, aquarium_view_4,
          aquarium_pool_side, pf_vacation_house_of_asmodeus,
          minmay_misc_feat_pillars, drop_trap, vehumet_crystals
Depths:2: dreamdust_tengu_aerie, layout_basic, grunt_pan_entry_spiral,
          hell_entry, bh_walls_and_bars, minmay_shoptagon
Depths:3: nicolae_cairo_tiling_very_big, layout_gridlike, enter_ziggurat_b,
          abyss_entry, hellmouth_1, minmay_misc_feat_diagonals
Depths:4: grunt_zot_entry_bicorn, layout_gridlike, grunt_hell_entry_dis_mu,
          lemuel_coloured_pillars_altar, zin_scriptorium
Hell
Geh:1:    layout_gehenna_lava_caves, nicolae_geh_single_fiery_grave
Geh:2:    layout_gehenna_pools_triple
Geh:3:    nicolae_geh_erupted_tower, layout_gehenna_pools_basic
Geh:4:    layout_gehenna_pools_box
Geh:5:    layout_gehenna_pools_basic, nicolae_geh_lava_shack
Geh:6:    layout_gehenna_lava_caves
Geh:7:    geh_mu
Coc:1:    layout_cocytus_delve
Coc:2:    layout_ice_bergs, nicolae_coc_icebean_singular
          [nicolae_sub_coc_subbean]
Coc:3:    nicolae_hells_demon_pit, layout_cocytus_water_paths
Coc:4:    layout_cocytus_delve
Coc:5:    layout_ice_bergs

Skill      XL: |  1  2  3  4  5  6  7  8  9 10 11 12 13 14 15 16 17 18 19 20 21 22 23 24 25 26 27 |
---------------+----------------------------------------------------------------------------------+-----
Fighting       | 4 5 6 8 9 10 11 13 15 17 18 19 20 21 22 23 24 25 27 | 27.0
Armour         | 4 5 6 7 9 10 11 12 13 16 17 18 19 20 21 22 23 24 26 | 26.4
Shields        | 4 5 6 7 9 10 11 12 13 14 16 17 18 19 20 21 22 23 24 25 | 25.8
Axes           | 3 4 5 6 7 8 9 11 12 13 14 15 16 17 18 19 20 21 22 23 24 25 | 25.8
Invocations    | 3 6 8 13 14 15 | 15.7
Throwing       | 2 6 7 8 11 12 14 16 18 20 21 22 | 22.6

Action                   |  1- 3 |  4- 6 |  7- 9 | 10-12 | 13-15 | 16-18 | 19-21 | 22-24 | 25-27 || total
-------------------------+-------+-------+-------+-------+-------+-------+-------+-------+-------++-------
Melee: War axe           |    81 |   157 |   237 |   741 |   788 |       |       |       |       ||  2004
       Headbutt          |    11 |    14 |    45 |   179 |   231 |   164 |   341 |   491 |   661 ||  2137
       Broad axe         |       |       |       |       |    89 |   670 |  1223 |  1558 |  1882 ||  5422
       Unarmed           |       |       |       |       |       |    19 |       |       |       ||    19
Throw: Throwing net      |       |       |     1 |       |     2 |     1 |       |     1 |       ||     5
       Javelin           |       |       |       |       |     8 |    12 |     2 |    40 |    87 ||   149
       Boomerang         |       |       |       |       |     7 |    14 |       |       |     5 ||    26
Invok: Heroism           |       |       |     2 |    33 |    20 |    15 |    25 |    32 |    50 ||   177
       Finesse           |       |       |       |     2 |     5 |     1 |     1 |     6 |    11 ||    26
       Duel              |       |       |       |       |       |     2 |       |     2 |     3 ||     7
  Use: Potion            |       |     1 |       |     2 |     3 |     5 |       |     2 |    13 ||    26
       Scroll            |       |       |       |    12 |    11 |     9 |    12 |     2 |     9 ||    55
 Stab: Confused          |       |       |       |       |       |       |     2 |       |       ||     2
       Invisible         |       |       |       |       |       |       |       |       |     2 ||     2
       Distracted        |       |       |       |       |       |       |       |       |     2 ||     2
Armor: Scale mail        |    10 |       |       |       |       |       |       |       |       ||    10
       Chain mail        |    32 |    94 |       |       |       |       |       |       |       ||   126
       Plate armour      |       |    36 |   160 |   422 |       |       |       |       |       ||   618
       Crystal plate arm |       |       |       |    11 |   626 |   535 |   589 |  1020 |  1133 ||  3914
Dodge: Dodged            |    51 |    55 |    87 |   236 |   209 |   178 |   209 |   366 |   362 ||  1753
Block: Buckler           |    32 |    41 |    72 |    48 |       |       |       |       |       ||   193
       Kite shield       |       |       |       |   406 |   736 |       |       |       |       ||  1142
       Tower shield      |       |       |       |       |    78 |   741 |  1317 |  1726 |  1865 ||  5727
